 Dungeon Crawl Stone Soup version 0.28.0 (webtiles) character file.

Game seed: 14620292925548947998

84407 PieDemon the Brawler (level 15, -6/133 HPs)
             Began as a Ghoul Gladiator on Feb 4, 2022.
             Was a High Priest of Okawaru.
             Mangled by a shock serpent (14 damage)
             ... on level 2 of the Snake Pit.
             The game lasted 01:25:07 (14753 turns).

PieDemon the Brawler (Ghoul Gladiator)             Turns: 14753, Time: 01:25:11

Health: -6/133     AC: 26    Str: 26    XL:     15   Next: 80%
Magic:  22/23      EV: 10    Int:  3    God:    Okawaru [*****.]
Gold:   877        SH: 17    Dex: 10    Spells: 14/14 levels left

rFire   . . .      SeeInvis .     - Unarmed
rCold   + . .      Faith    .   x - +0 kite shield
rNeg    + + +      Spirit   .   w - +2 chain mail {Will+}
rPois   ∞          Reflect  +   b - +2 helmet
rElec   .          Harm     .   N - +2 cloak
rCorr   +          Rampage  .   (no gloves)
Will    ++...                   (no boots)
Stlth   ..........              d - amulet of reflection
HPRegen 0.00/turn               u - +4 ring of protection
MPRegen 0.18/turn               J - ring of Youthful Indiscretion {rCorr Slay+4}

@: heroic, inhibited regen
A: claws 1, cold resistance 1, negative energy resistance 3, inhibited
regeneration, torment resistance 2
a: Renounce Religion, Heroism, Finesse, Duel


You were on level 2 of the Snake Pit.
You worshipped Okawaru.
Okawaru was extremely pleased with you.
You visited 3 branches of the dungeon, and saw 19 of its levels.
You also visited: Ossuary.

You collected 877 gold pieces.

Inventory:

Hand Weapons
 k - a +1 eveningstar of draining
Missiles
 a - 15 atropa-tipped darts
 c - 6 throwing nets
 e - 259 stones (quivered)
 g - 3 datura-tipped darts
 j - 3 curare-tipped darts
 p - 6 silver javelins
 R - 15 poisoned darts
Armour
 b - a +2 helmet (worn)
 h - a +0 tower shield
 o - a scarf of repulsion
 w - a +2 chain mail of willpower (worn)
 x - a +0 kite shield (worn)
 C - a +0 buckler
 D - a +0 pair of gloves
 G - the +3 scale mail of the Eight Boll Weevils {-Cast Dex+4 SInv Stlth+}
   (Okawaru gifted it to you on level 3 of the Lair of Beasts)

   Dex:       It affects your dexterity (+4).
   SInv:      It lets you see invisible.
   -Cast:     It prevents spellcasting.
   Stlth:     It makes you more stealthy.
 N - a +2 cloak (worn)
 V - the +2 cloak "Sount" {Fly rElec rPois Str-4}
   (Okawaru gifted it to you on level 6 of the Lair of Beasts)

   Str:       It affects your strength (-4).
   rElec:     It insulates you from electricity.
   rPois:     It protects you from poison.
   Fly:       It grants you flight.
Jewellery
 d - an amulet of reflection (around neck)
 u - a +4 ring of protection (left claw)
 J - the ring of Youthful Indiscretion (right claw) {rCorr Slay+4}
   (You found it on level 1 of the Snake Pit)

   [ring of slaying]

   Slay:      It affects your accuracy & damage with ranged weapons and melee
   (+4).
   rCorr:     It protects you from acid and corrosion.
 U - a +4 ring of evasion
Wands
 l - a wand of polymorph (6)
 m - a wand of flame (28)
 v - a wand of mindburst (6)
 F - a wand of iceblast (20)
 K - a wand of paralysis (6)
 Q - a wand of acid (1)
 W - a wand of digging (3)
Scrolls
 q - 3 scrolls of fog
 t - a scroll of fear {unknown}
 y - a scroll of blinking
 z - a scroll of vulnerability {unknown}
 B - a scroll of teleportation
 I - a scroll of magic mapping
 L - a scroll of silence {unknown}
 T - a scroll of holy word {unknown}
Potions
 f - 3 potions of lignification
 i - 2 potions of resistance
 n - 3 potions of curing
 r - 2 potions of attraction
 s - 3 potions of brilliance
 A - 3 potions of might
 H - a potion of invisibility
 M - a potion of cancellation
 P - 4 potions of flight
 S - 2 potions of haste


   Skills:
 * Level 12.3(17.3) Fighting
 - Level 8.0(13.0) Throwing
 + Level 8.6(13.6) Armour
 + Level 3.4(8.4) Dodging
 + Level 8.7(13.7) Shields
 * Level 18.7(23.7) Unarmed Combat
 - Level 12.0 Invocations


You had 14 spell levels left.
You didn't know any spells.
Your spell library contained the following spells:

 Spells                   Type           Power      Damage    Failure   Level
 Slow                     Hex            0%         N/A       99%         1
 Blink                    Tloc           0%         N/A       100%        2
 Ensorcelled Hibernation  Hex/Ice        0%         N/A       100%        2
 Passwall                 Tmut/Erth      0%         N/A       100%        2
 Confusing Touch          Hex            0%         N/A       100%        3
 Frozen Ramparts          Ice            0%         1d2       100%        3
 Ozocubu's Armour         Ice            0%         N/A       100%        3
 Swiftness                Air            0%         N/A       100%        3
 Vampiric Draining        Necr           0%         2d6       100%        3
 Anguish                  Hex/Necr       0%         N/A       100%        4
 Cause Fear               Hex            0%         N/A       100%        4
 Manifold Assault         Tloc           0%         N/A       100%        5
 Metabolic Englaciation   Hex/Ice        0%         N/A       100%        5
 Dispersal                Tloc           0%         N/A       100%        6
 Ozocubu's Refrigeration  Ice            0%         4d5       100%        7
 Disjunction              Tloc           0%         N/A       100%        8
 Spider Form              Tmut/Pois      Unusable   N/A       N/A         3
 Ice Form                 Ice/Tmut       Unusable   N/A       N/A         4
 Summon Ice Beast         Ice/Summ       Unusable   N/A       N/A         4
 Simulacrum               Ice/Necr       Unusable   N/A       N/A         6
 Dragon Form              Tmut           Unusable   N/A       N/A         7
 Storm Form               Tmut/Air       Unusable   N/A       N/A         7
 Dragon's Call            Summ           Unusable   N/A       N/A         9

Dungeon Overview and Level Annotations

Branches:
Dungeon (11/15)            Temple (0/1) D:6            Lair (6/6) D:11
 Shoals (0/4) Lair:2        Snake (2/4) Lair:3          Orc (0/2) D:11
Ossuary (visited)
  Slime: Lair:5-6

Altars:
Okawaru

Shops:
D:1 (   Snake:1 ((?*[

Annotations:
D:7 2 transporters, exclusion: downstairs, crazypyro's ghost, novice MiFi
Lair:5 exclusion: downstairs


Innate Abilities, Weirdness & Mutations

You thrive by killing the living.
You are immune to poison.
You have sharp fingernails.
Your flesh is cold resistant. (rC+)
You are immune to negative energy. (rN+++)
You do not regenerate when monsters are visible.
You are immune to unholy pain and torment.


Message History

The salamander mystic is almost dead.
You claw the salamander mystic!
You kill the salamander mystic!
Okawaru accepts your kill.
Things that are here:
a +0 quarterstaff; a +0 robe; a salamander corpse A shock serpent comes into view.
The shock serpent hisses angrily.
You hear a shout! x2
You gain the combat prowess of a mighty hero.
You eviscerate the shock serpent!!!
The shock serpent is severely wounded.
The shock serpent's electric aura discharges violently, shocking you!
You hear a shout!
The shock serpent shoots out a bolt of lightning at you!
The bolt of electricity hits you!!
* * * LOW HITPOINT WARNING * * *
Okay, then.
Unknown command.
Aiming: Paralyse
Press: ? - help, Shift-Dir - straight line, f - shock serpent
Aim: a shock serpent (severely wounded, chance to affect: 31%)
The shock serpent easily resists.
The shock serpent bites you but does no damage. x2
You closely miss the shock serpent.
The shock serpent is severely wounded.
The shock serpent completely misses you.
You barely miss the shock serpent.
The shock serpent is severely wounded.
The shock serpent bites you but does no damage.
You closely miss the shock serpent.
The shock serpent is severely wounded.
The shock serpent completely misses you.
You claw the shock serpent!
The shock serpent is almost dead.
The shock serpent's electric aura discharges, shocking you!
* * * LOW HITPOINT WARNING * * *
The shock serpent bites you!
* * * LOW HITPOINT WARNING * * *
The shock serpent shocks you!
You die...

(((..##....#
#.........
..(.(#...##
#.........
..(.#...#
###.......
#S(.#...#
##....).
..(#...#
#.....)
#.(#...#
##....#
#)(#..##
#>....#
#..#..#
#.....#
#..#@.#
##....#
#..S..#
#...##
##....#
#...# #...##
#..## #.#.#
##.# #####
#.# ###


You could see a shock serpent.

Vanquished Creatures
  Asterion (Arena)
  Donald (Snake:2)
  Snorg (Lair:4)
  A salamander tyrant (Snake:1)
  6 naga warriors
  5 anacondas (Snake:1)
  2 hydras
  4 death yaks
  Erica (D:10)
  A two-headed ogre (D:10)
  6 shock serpents
  Urug (D:10)
  3 naga sharpshooters
  A salamander mystic (Snake:2)
  5 naga ritualists
  6 mana vipers
  A wolf spider (Lair:6)
  6 salamanders
  Maurice (D:10)
  2 merfolk sirens (Lair:2)
  32 elephants
  9 naga magi
  31 black mambas
  Joseph (D:7)
  15 cane toads
  5 rime drakes
  9 komodo dragons
  Psyche (D:8)
  5 trolls
  A merfolk (Lair:2)
  5 polar bears
  2 hornets
  6 dream sheep (Lair:6)
  5 blink frogs (Lair:1)
  8 wyverns
  2 vampires
  A wraith (D:11)
  43 yaks
  A steam dragon (Lair:6)
  4 basilisks
  4 vampire mosquitoes (D:10)
  Menkaure (D:6)
  2 acid dragons
  12 nagas
  Edmund (D:5)
  17 water moccasins
  3 orc warriors
  An ice beast (D:7)
  4 black bears
  A sky beast (D:6)
  9 centaurs
  3 ogres
  2 necrophages
  2 phantoms
  13 wolves
  A kobold brigand (D:8)
  3 elf zombies (Ossuary)
  11 bullfrogs
  A water moccasin zombie (D:6)
  5 wights (D:6)
  An electric eel (D:8)
  5 centaur zombies (Ossuary)
  4 human zombies (Ossuary)
  Crazy Yiuf (D:5)
  2 gnoll shamans
  3 hounds
  5 orc priests
  3 bullfrog skeletons
  A centaur skeleton (D:6)
  5 iguanas
  Natasha (twice) (D:3)
  3 orc wizards
  A scorpion zombie (D:5)
  A killer bee zombie (D:6)
  A hound skeleton (D:4)
  3 mummies (Ossuary)
  2 howler monkey zombies
  10 gnolls
  9 adders
  A white imp (D:8)
  An ufetubus (D:7)
  A dart slug (D:1)
  21 orcs
  3 bats (D:1)
  5 endoplasms
  A giant cockroach (D:4)
  7 goblins
  5 hobgoblins
  7 jackals (D:2)
  8 kobolds
  7 quokkas
  7 ball pythons
  5 frilled lizards
  8 rats
486 creatures vanquished.

Vanquished Creatures (collateral kills)
  A merfolk siren (Lair:2)
  2 yaks (Lair:2)
3 creatures vanquished.

Vanquished Creatures (others)
  A yak (Lair:2)
  An orc wizard (D:5)
  An orc (D:5)
  A bush (Lair:6)
  48 fungi
  83 plants
135 creatures vanquished.

Grand Total: 624 creatures vanquished

Notes
Turn   | Place    | Note
-------+----------+-------------------------------------------
     0 | D:1      | PieDemon the Ghoul Gladiator began the quest for the Orb.
     0 | D:1      | Reached XP level 1. HP: 17/17 MP: 0/0
   138 | D:1      | Reached XP level 2. HP: 24/24 MP: 1/1
   422 | D:1      | Reached skill level 4 in Unarmed Combat
   570 | D:1      | Reached XP level 3. HP: 29/29 MP: 2/2
   890 | D:2      | Reached XP level 4. HP: 37/37 MP: 3/3
   997 | D:3      | Noticed Natasha
  1013 | D:3      | Killed Natasha
  1144 | D:3      | Reached skill level 5 in Unarmed Combat
  1158 | D:3      | Reached XP level 5. HP: 35/45 MP: 4/4
  1360 | D:3      | Noticed Natasha
  1377 | D:3      | Killed Natasha
  1395 | D:3      | Identified the +4 spear "Hydraslayer" {flame, rPois rC+
                  | Int+2 SInv}
  1684 | D:4      | Reached skill level 6 in Unarmed Combat
  1693 | D:4      | Noticed an ogre
  1703 | D:4      | Killed an ogre
  1704 | D:4      | Reached XP level 6. HP: 52/52 MP: 5/5
  1852 | D:4      | Reached skill level 7 in Unarmed Combat
  1876 | D:4      | Reached XP level 7. HP: 59/59 MP: 6/6
  2509 | D:1      | Found Viafog's Weapon Boutique.
  2859 | D:2      | Found a faded altar of an unknown god.
  2862 | D:2      | Prayed at the altar of an unknown god.
  2862 | D:2      | Became a worshipper of Warmaster Okawaru
  2862 | D:2      | Reached * piety under Okawaru
  2942 | D:5      | Entered Level 5 of the Dungeon
  3056 | D:5      | Reached skill level 8 in Unarmed Combat
  3344 | D:5      | Noticed Edmund
  3352 | D:5      | Killed Edmund
  3353 | D:5      | Reached XP level 8. HP: 54/67 MP: 4/7
  3518 | D:5      | Reached skill level 5 in Fighting
  3574 | D:5      | Reached ** piety under Okawaru
  3606 | D:5      | Found a runed translucent door.
  3607 | D:5      | Noticed Crazy Yiuf
  3672 | D:5      | Reached skill level 9 in Unarmed Combat
  3839 | D:5      | Paralysed by Crazy Yiuf for 3 turns
  3847 | D:5      | Killed Crazy Yiuf
  4105 | D:6      | Reached skill level 10 in Unarmed Combat
  4167 | D:6      | Reached XP level 9. HP: 55/75 MP: 8/8
  4234 | D:6      | Found a staircase to the Ecumenical Temple.
  4691 | D:6      | Noticed Menkaure
  4697 | D:6      | Killed Menkaure
  4780 | D:7      | Reached skill level 11 in Unarmed Combat
  4820 | D:7      | Reached *** piety under Okawaru
  4823 | D:7      | Found a sand-covered staircase.
  4851 | Ossuary  | Entered an ossuary
  5039 | D:7      | Reached skill level 12 in Unarmed Combat
  5133 | D:7      | Found a transporter.
  5155 | D:7      | Noticed crazypyro's ghost (novice MiFi)
  5167 | D:7      | Found a transporter.
  5199 | D:8      | Reached **** piety under Okawaru
  5229 | D:7      | Noticed Joseph
  5241 | D:7      | Killed Joseph
  5242 | D:7      | Reached XP level 10. HP: 68/88 MP: 6/9
  5268 | D:7      | Reached skill level 13 in Unarmed Combat
  5286 | D:7      | Received a gift from Okawaru
  6034 | D:8      | Noticed Psyche
  6050 | D:8      | Killed Psyche
  6139 | D:9      | Identified the +7 long sword of the Tiger {antimagic, rC+
                  | rCorr}
  6169 | D:9      | Reached skill level 1 in Invocations
  6488 | D:10     | Entered Level 10 of the Dungeon
  6538 | D:10     | Noticed a two-headed ogre
  6542 | D:10     | Killed a two-headed ogre
  6542 | D:10     | Reached ***** piety under Okawaru
  6584 | D:10     | Noticed Maurice
  6598 | D:10     | Killed Maurice
  6599 | D:10     | Reached skill level 5 in Throwing
  6599 | D:10     | Reached skill level 14 in Unarmed Combat
  6640 | D:10     | Received a gift from Okawaru
  6643 | D:10     | Reached XP level 11. HP: 97/97 MP: 12/12
  6660 | D:10     | Noticed Urug
  6665 | D:10     | Noticed Erica
  6674 | D:10     | Killed Urug
  6677 | D:10     | Killed Erica
  6928 | D:11     | Received a gift from Okawaru
  6929 | D:11     | Reached skill level 5 in Invocations
  7154 | D:11     | Reached skill level 10 in Fighting
  7155 | D:11     | Found a staircase to the Lair.
  7322 | D:11     | Found a staircase to the Orcish Mines.
  7553 | Lair:1   | Entered Level 1 of the Lair of Beasts
  7686 | Lair:1   | Received a gift from Okawaru
  8108 | Lair:1   | Reached XP level 12. HP: 108/108 MP: 16/16
  8112 | Lair:1   | Reached skill level 1 in Armour
  8112 | Lair:1   | Reached skill level 1 in Shields
  8890 | Lair:2   | Reached ****** piety under Okawaru
  8917 | Lair:2   | Found a staircase to the Shoals.
  8938 | Lair:2   | Received a gift from Okawaru
  9071 | Lair:2   | Received a gift from Okawaru
  9288 | Lair:3   | Identified the +3 scale mail of the Eight Boll Weevils
                  | {-Cast Dex+4 SInv Stlth+} (Okawaru gifted it to you on
                  | level 3 of the Lair of Beasts)
  9288 | Lair:3   | Received a gift from Okawaru
  9500 | Lair:3   | Found a staircase to the Snake Pit.
  9740 | Lair:3   | Reached XP level 13. HP: 88/117 MP: 11/18
 10021 | Lair:4   | Noticed Snorg
 10032 | Lair:4   | Killed Snorg
 10190 | Lair:4   | Reached skill level 15 in Unarmed Combat
 10306 | Lair:4   | Found the +7 Spriggan's Knife {stab, EV+4 Stlth+}
 10480 | Lair:5   | Received a gift from Okawaru
 10838 | Lair:5   | Reached skill level 5 in Shields
 10997 | Lair:5   | Reached skill level 5 in Armour
 11048 | Lair:6   | Entered Level 6 of the Lair of Beasts
 11308 | Lair:6   | Reached skill level 16 in Unarmed Combat
 11321 | Lair:6   | Reached skill level 10 in Invocations
 11333 | Lair:6   | Received a gift from Okawaru
 11334 | Lair:6   | Reached XP level 14. HP: 112/126 MP: 18/20
 11615 | Lair:6   | Received a gift from Okawaru
 11846 | Lair:6   | Received a gift from Okawaru
 11984 | Lair:6   | Reached skill level 17 in Unarmed Combat
 12013 | Lair:6   | Identified the +2 cloak "Sount" {Fly rElec rPois Str-4}
                  | (Okawaru gifted it to you on level 6 of the Lair of Beasts)
 12013 | Lair:6   | Received a gift from Okawaru
 12389 | Snake:1  | Entered Level 1 of the Snake Pit
 12570 | Arena    | Entered the Arena
 12688 | Snake:1  | Reached XP level 15. HP: 82/132 MP: 22/22
 12873 | Snake:1  | Found Gusmoin's Antique Weapon Shop.
 12885 | Snake:1  | Found Zoemen's Antique Weapon Emporium.
 13001 | Snake:1  | Found Nucadiku's Magic Scroll Shoppe.
 13048 | Snake:1  | Identified the ring of Youthful Indiscretion {rCorr Slay+4}
 13117 | Snake:1  | Reached skill level 18 in Unarmed Combat
 13390 | Snake:1  | Received a gift from Okawaru
 13736 | Snake:1  | Found Veijonlu's General Store.
 13749 | Snake:1  | Found Tixee's Antique Armour Emporium.
 13795 | Snake:2  | Noticed Donald
 13826 | Snake:2  | Killed Donald
 13846 | Snake:2  | Received a gift from Okawaru
 14159 | Snake:2  | Identified the +4 flail of Toohul {drain, Dex+3}
 14455 | Snake:2  | Noticed Asterion
 14464 | Arena    | Entered the Arena
 14474 | Arena    | Killed Asterion
 14753 | Snake:2  | Mangled by a shock serpent

Illustrated notes

Levels and vault maps discovered:
D:1:      minmay_arrival_four_houses, layout_basic, serial_shops,
          nicolae_square_shop, minivault_24
D:2:      layout_rooms, shapermc_ecumenical_altar_mp_vishouse
D:3:      layout_rooms, st_stairs_8, hex_intersection, lemuel_another_geyser,
          uniq_natasha
D:4:      layout_loops_ring, kennysheep_generic_room_13
D:5:      layout_loops_ring, uniq_edmund, uniq_crazy_yiuf_cottage
D:6:      layout_gridville, minmay_temple_entry_antechambers, uniq_menkaure
D:7:      layout_rooms, nicolae_ossuary_entry_monument, nzn_ghost_randoct,
          chequers_serial_rivers_small_b, chequers_serial_rivers_large_a,
          uniq_joseph
D:8:      layout_cave_pools, corexii_corridor_pit, eino_curves_02,
          serial_bayou_ford_a, guppyfry_early_elven_hall, uniq_psyche
D:9:      layout_gridville, mainiacjoe_overflow_chevrons, special_room
          [special_room_orc]
D:10:     layout_roguey, uniq_maurice, uniq_urug, uniq_erica
D:11:     layout_grid_maze, david_lair_generic, orc_0_dummy,
          portal_ice_cave_entry_pillars_1, grunt_potential
Lair:1:   layout_chaotic_city
Lair:2:   beast_lair_carwin_large_2, layout_regular_city,
          elwin_shoals_entry_stream, serial_bayou_shore_b, lemuel_fruit_tree
Lair:3:   beast_lair_carwin_large_3, layout_small_grid,
          minmay_snake_entry_guardpost_small, small_statue_intersection,
          grunt_megastairs_2
Lair:4:   layout_cave_pods, uniq_snorg
Lair:5:   layout_gridlike, grunt_forest_small_clearing_treed
Lair:6:   guppyfry_lair_end_dragon, layout_regular_city,
          hangedman_lair_tendril_chambers, dpeg_slime_entry_corner,
          grunt_forest_stairs_basic, lemuel_fruit_fields
Snake:1:  layout_gridlike, serial_shops, shop, nicolae_take_the_stairs,
          nicolae_shop_hallway_stairs, shop, shop, grunt_ministairs_15,
          nicolae_snake_gridmaze_spiral, nicolae_snake_gridmaze_zigzag,
          nicolae_snake_yet_another_twisty_hallway, nicolae_snake_snakewalk
Snake:2:  layout_grid_shapes, uniq_asterion, uniq_donald

Skill      XL: |  1  2  3  4  5  6  7  8  9 10 11 12 13 14 15 |
---------------+----------------------------------------------+-----
Throwing       | 2 3 4 5 7 8 |  8.0
Dodging        | 3 |  3.4
Unarmed Combat | 4 5 6 7 8 10 12 14 16 17 18 | 18.7
Fighting       | 3 4 6 8 9 10 11 12 | 12.3
Invocations    | 3 6 8 10 11 12 | 12.0
Armour         | 4 5 7 8 |  8.6
Shields        | 4 5 7 8 |  8.7

Action                   |  1- 3 |  4- 6 |  7- 9 | 10-12 | 13-15 || total
-------------------------+-------+-------+-------+-------+-------++-------
Melee: Unarmed           |    86 |    67 |   288 |   464 |   815 ||  1720
       Punch             |     3 |     4 |     2 |       |       ||     9
       Spear             |       |    23 |       |       |       ||    23
Throw: Stone             |    88 |    52 |       |    43 |   163 ||   346
       Dart              |       |     2 |       |     7 |     8 ||    17
       Throwing net      |       |     1 |       |       |       ||     1
       Boomerang         |       |     7 |   122 |   102 |    73 ||   304
       Javelin           |       |       |       |       |    26 ||    26
Invok: Heroism           |       |       |     3 |    12 |    21 ||    36
       Finesse           |       |       |       |     1 |     4 ||     5
       Duel              |       |       |       |       |     2 ||     2
Evoke: Wand              |       |       |     2 |     4 |    17 ||    23
  Use: Scroll            |       |       |    10 |    10 |     7 ||    27
       Potion            |       |       |       |     5 |       ||     5
 Stab: Invisible         |       |       |     1 |       |       ||     1
Armor: Leather armour    |     6 |       |       |       |       ||     6
       Scale mail        |    21 |    20 |    77 |   132 |    14 ||   264
       Chain mail        |       |       |       |       |   249 ||   249
Dodge: Dodged            |    31 |    32 |    80 |   221 |   276 ||   640
Block: Other             |    11 |    12 |     2 |       |       ||    25
       Reflection        |     1 |       |     7 |     7 |    17 ||    32
       Buckler           |       |       |    77 |   194 |   314 ||   585
       Kite shield       |       |       |       |       |     9 ||     9
